 Dungeon Crawl Stone Soup version 0.15.1-1-gfacfea3 (webtiles) character file.

63 MikeW the Ducker (level 3, -2/36 HPs)
             Began as a Troll Fighter on Sept 25, 2014.
             Slain by Uberwunderbarhen's ghost (8 damage)
             ... on Level 4 of the Dungeon.
             The game lasted 00:12:13 (811 turns).

MikeW the Ducker (Troll Fighter)                     Turns: 811, Time: 00:12:13

HP  -2/36        AC  5     Str 25      XL: 3   Next: 87%
MP   2/2         EV  8     Int  4      God:
Gold 77          SH  9     Dex  9      Spells:  0 memorised,  2 levels left

rFire  . . .     SeeInvis .     a - +0 war axe
rCold  . . .     Clarity  .     b - +0 robe
rNeg   . . .     rCorr    .     c - +0 shield
rPois  .         rRot     .     (helmet restricted)
rElec  .         Spirit   .     (no cloak)
SustAb .         Warding  .     (gloves unavailable)
rMut   .         Stasis   .     (boots unavailable)
Gourm  +                        (no amulet)
MR     .....                    (no ring)
                                (no ring)

@: not resistant to hostile enchantments, very unstealthy
A: unfitting armour, claws 3, fast metabolism 3, gourmand, regeneration 2,
saprovore 2, shaggy fur 1, tough skin 2
a: no special abilities


You were on level 4 of the Dungeon.
You were hungry.

You visited 1 branch of the dungeon, and saw 4 of its levels.

You collected 77 gold pieces.

Inventory:

Hand weapons
 a - a +0 war axe (weapon)
 h - a +0 mace
 j - a +0 club
 k - a +0 dagger
 m - a +0 short sword
 n - a +0 hunting sling
 t - a +2 dagger of speed
Missiles
 g - 45 poisoned needles
 l - a stone (quivered)
 u - 10 sling bullets
Armour
 b - a +0 robe (worn)
 c - a +0 shield (worn)
 r - a +0 robe
Comestibles
 d - 3 meat rations
 i - 2 beef jerkies
 w - a slice of pizza
 x - a bread ration
 A - 2 fruits
Scrolls
 o - a scroll of identify {unknown}
 p - a scroll of fear {unknown}
 v - a scroll of random uselessness {unknown}
Jewellery
 q - a +1 ring of intelligence {unknown}
Potions
 e - a potion of might
 f - a potion of curing
 s - a potion of invisibility {unknown}
 z - a potion of agility {unknown}


   Skills:
 + Level 2.8 Fighting
 + Level 1.8 Axes
 + Level 0.1 Throwing
 + Level 3.2 Dodging
 + Level 2.8 Shields


You had 2 spell levels left.
You didn't know any spells.

Dungeon Overview and Level Annotations

Branches:
Dungeon (4/15)
 Temple: D:4-7

Altars:

Annotations:
D:4 Uberwunderbarhen's ghost, experienced GrFi


Innate Abilities, Weirdness & Mutations

You are too large for most types of armour.
You have claws for hands.
Your metabolism is lightning-fast.
You like to eat raw meat.
You heal very quickly.
You can eat rotten meat.
You are covered in fur (AC +1).
You have very tough skin (AC +2).


Message History

The rat bites you.
Your shield prevents you from hitting Uberwunderbarhen's ghost.
Uberwunderbarhen's ghost is lightly damaged.
Uberwunderbarhen's ghost barely misses you.
The rat bites you but does no damage.
You block Uberwunderbarhen's ghost's attack.
You hit Uberwunderbarhen's ghost but do no damage.
Uberwunderbarhen's ghost is lightly damaged.
You block the rat's attack. Uberwunderbarhen's ghost hits you.
You hit Uberwunderbarhen's ghost but do no damage.
Uberwunderbarhen's ghost is lightly damaged.
You block the rat's attack. Uberwunderbarhen's ghost hits you!
You block the rat's attack. Uberwunderbarhen's ghost hits you!
* * * LOW HITPOINT WARNING * * *
You feel better. The rat bites you but does no damage.
Uberwunderbarhen's ghost hits you.
* * * LOW HITPOINT WARNING * * *
You closely miss the rat. The rat bites you but does no damage.
Uberwunderbarhen's ghost hits you!
You die...

# ..# ... # .. .
##.###.###.#..%..
.......r@Wb(.....
.#.###.###.##.#.#
# #


You could see Uberwunderbarhen's ghost, a bat and a rat.

Vanquished Creatures
  3 adders (D:2)
  A worm (D:3)
  2 oozes
  A ball python (D:3)
  6 bats
  A giant cockroach (D:1)
  2 goblins (D:1)
  2 hobgoblins
  2 quokkas
  5 giant newts
  2 kobolds (D:1)
  A rat (D:1)
28 creatures vanquished.

Notes
Turn   | Place    | Note
--------------------------------------------------------------
     0 | D:1      | MikeW, the Troll Fighter, began the quest for the Orb.
     0 | D:1      | Reached XP level 1. HP: 22/22 MP: 1/1
   182 | D:1      | Reached XP level 2. HP: 29/29 MP: 1/1
   406 | D:2      | Reached skill level 3 in Dodging
   406 | D:2      | Reached XP level 3. HP: 26/36 MP: 2/2
   798 | D:4      | Noticed Uberwunderbarhen's ghost (experienced GrFi)
   811 | D:4      | Slain by Uberwunderbarhen's ghost

Action                   || total
-------------------------++-------
Melee: War axe           ||   127
Throw: Stone             ||     9
  Use: Potion            ||     2
  Eat: Pizza             ||     1
       Beef jerky        ||     2
